 Dungeon Crawl Stone Soup version 0.22-a0-135-g6f012ad (webtiles) character file.

23 tof the Skirmisher (level 2, 0/27 HPs)
             Began as a Hill Orc Monk on Jan 31, 2018.
             Slain by Sigmund
             ... wielding a +0 scythe
              (8 damage)
             ... on level 2 of the Dungeon.
             The game lasted 00:01:10 (1294 turns).

tof the Skirmisher (Hill Orc Monk)                  Turns: 1294, Time: 00:01:12

Health: 0/27       AC:  5    Str: 13    XL:     2   Next: 95%
Magic:  2/2        EV: 11    Int: 10    God:
Gold:   121        SH:  0    Dex: 13    Spells: 1/1 levels left

rFire    . . .     SeeInvis .   a - +0 mace
rCold    . . .     Gourm    .   (no shield)
rNeg     . . .     Faith    .   h - +0 ring mail
rPois    .         Spirit   .   (no helmet)
rElec    .         Reflect  .   (no cloak)
rCorr    +         Harm     .   (no gloves)
MR       .....                  (no boots)
Stlth    +.........             (no amulet)
HPRegen  0.09/turn              l - ring of resist corrosion
MPRegen  0.08/turn              (no ring)

@: no status effects
A: no striking features
a: no special abilities


You were on level 2 of the Dungeon.
You were not hungry.

You visited 1 branch of the dungeon, and saw 2 of its levels.

You collected 121 gold pieces.

Inventory:

Hand Weapons
 a - a +0 mace (weapon)
Missiles
 g - 42 stones (quivered)
Armour
 h - a +0 ring mail (worn)
Jewellery
 l - a ring of resist corrosion (left hand)
Scrolls
 d - a scroll of enchant weapon {unknown}
 f - 4 scrolls of identify {unknown}
 i - a scroll of immolation {unknown}
 j - a scroll of teleportation {unknown}
 k - a scroll of fear {unknown}
 n - a scroll of blinking {unknown}
Potions
 b - a potion of curing {unknown}
 e - 2 potions of haste {unknown}
 o - a potion of cancellation {unknown}
Comestibles
 c - 3 rations
 m - 3 chunks of flesh


   Skills:
 + Level 4.0 Fighting
 * Level 3.9 Maces & Flails
 + Level 1.1 Armour
 - Level 2.4 Dodging
 - Level 1.5 Stealth


You had one spell level left.
You didn't know any spells.

Dungeon Overview and Level Annotations

Branches:
Dungeon (2/15)

Altars:
Kikubaaqudgha
Qazlal

Annotations:
D:2 Sigmund


Message History

Sigmund misses you.
You hit Sigmund.
Sigmund is lightly wounded.
Sigmund barely misses you.
You hit Sigmund but do no damage.
Sigmund is lightly wounded.
Sigmund hits you with a scythe!
You hit Sigmund but do no damage.
Sigmund is lightly wounded.
You hit Sigmund.
Sigmund is moderately wounded.
Sigmund gestures at you while chanting. You resist with significant effort.
Sigmund hits you with a scythe.
* * * LOW HITPOINT WARNING * * *
You hit Sigmund.
Sigmund is heavily wounded.
You hit Sigmund.
Sigmund is heavily wounded.
Sigmund hits you with a scythe!
You die...

#.........#
..#....
#.........#
.......
#......#.##
#######
##.....#..# #
#.....#..# #####
#.....#..+####
#....
#....##......#
#....
#............#
##....
#....###@....#
...... #....#
#@....# #.....
#....+ .........
.....
#....######..###
###. #....# ....
#. #....# ....
###.###. #....#
... ###_..'. ...
###.###. #.


You could see Sigmund.

Vanquished Creatures
  An adder (D:2)
  A leopard gecko (D:1)
  3 goblins
  2 hobgoblins
  A kobold (D:1)
  A frilled lizard (D:1)
  4 rats
13 creatures vanquished.

Notes
Turn   | Place    | Note
-------+----------+-------------------------------------------
     0 | D:1      | tof the Hill Orc Monk began the quest for the Orb.
     0 | D:1      | Reached XP level 1. HP: 19/19 MP: 1/1
   748 | D:1      | Reached XP level 2. HP: 24/27 MP: 2/2
  1021 | D:2      | Found a stormy altar of Qazlal.
  1105 | D:2      | Found an ancient bone altar of Kikubaaqudgha.
  1131 | D:2      | Reached skill level 4 in Fighting
  1131 | D:2      | Reached skill level 1 in Armour
  1286 | D:2      | Noticed Sigmund
  1294 | D:2      | Slain by Sigmund

Vault maps used:
D:1:      lightli_arrival_boilingwater, hangedman_decor_growths,
          minmay_distorted
D:2:      lemuel_doored_altar, nicolae_tso_carved_into_rock, old_standard_altar,
          zin_treasury, nicolae_ru_great_annihilating_truth, uniq_sigmund,
          uniq_robin

Skill      XL: |  1  2 |
---------------+-------+-----
Fighting       | 4 |  4.0
Armour         | 1 |  1.1
Maces & Flails | |  3.9
Dodging        | |  2.4
Stealth        | |  1.5

Action                   || total
-------------------------++-------
Melee: Mace              ||    51
 Stab: Sleeping          ||     2
  Eat: Chunk             ||     1
Armor: Ring mail         ||     9
       Robe              ||     2
Dodge: Dodged            ||    25

Table legend:
 A = Spawn XP
 B = Non-spawn XP
 C = Spawn XP percentage of total XP
 D = Spawn monster count
 E = Non-spawn monster count
 F = Spawn count percentage of total count
 G = Total turns spent on level
                    A         B        C        D         E        F      G
               +---------+---------+-------+---------+---------+-------+---------
         Total |       0 |      33 |   0.0 |       0 |      13 |   0.0 |  1294
               +---------+---------+-------+---------+---------+-------+---------
           D:1 |       0 |      13 |   0.0 |       0 |       8 |   0.0 |   899
           D:2 |       0 |      20 |   0.0 |       0 |       5 |   0.0 |   395
               +---------+---------+-------+---------+---------+-------+---------
